Map: Paladino Terminal LE

Players

aLphA

  • Race: Zerg Zerg
  • League: Diamond
  • Spawn Location: 5:00

Musumeci - Winner!

  • Race: Zerg Zerg
  • League: Diamond
  • Spawn Location: 9:00

VOD

Have the link to the VOD?

Description

Time

  • Played on: March 8, 2017, 3:01 p.m.
  • Length: 2:49
Show
View Real Time Build Order
Export as new Build Order

aLphA Zerg 

Build Orders: Pool Only 

Get SALT Encoding   

  12  0:01  Drone  
  13  0:09  Drone  
  14  0:25  Extractor  
  14  0:26  Drone  
  14  0:34  Spawning Pool  
  13  0:36  Drone  
  14  0:45  Drone, Extractor  
  15  0:51  Overlord  
  15  1:21  Queen  
  15  1:22  Zergling x6  
  20  1:27  Metabolic Boost  
  20  1:34  Zergling x2  
  21  1:45  Zergling x2  
  22  1:50  Baneling Nest  
  21  1:55  Overlord  
  21  2:11  Zergling x2  
  22  2:20  Zergling x2  
  22  2:29  Zergling x2  
Show
View Real Time Build Order
Export as new Build Order

Musumeci Zerg - Winner!

Build Orders: Pool Only 

Get SALT Encoding   

  12  0:06  Drone  
  13  0:09  Drone  
  14  0:21  Extractor  
  13  0:24  Drone  
  14  0:34  Spawning Pool  
  13  0:38  Drone  
  14  0:47  Overlord  
  14  1:07  Drone  
  15  1:21  Metabolic Boost, Zergling x6  
  18  1:33  Spine Crawler  
  18  1:36  Zergling x2  
  18  1:46  Zergling x2  
  19  1:58  Baneling Nest, Zergling x2  
  19  2:05  Zergling x2  
  20  2:27  Zergling x4  
Tags
 
Add a new tag
Caveats
  • Supply blocks, unpowered buildings, or Contaminate may cause inaccurate times.
  • Supply counts are checked every 10 seconds.